 Dungeon Crawl Stone Soup version 0.28.0-47-ge53b351184 (webtiles) character file.

Game seed: 10070649688149075417

50 Kangaroobicon the Skirmisher (level 3, -2/24 HPs)
             Began as a Gargoyle Fighter on May 1, 2022.
             Slain by a gnoll
             ... wielding a +0 spear
              (6 damage)
             ... on level 2 of the Dungeon.
             The game lasted 00:09:21 (1090 turns).

Kangaroobicon the Skirmisher (Gargoyle Fighter)     Turns: 1090, Time: 00:09:24

Health: -2/24      AC: 11    Str: 19    XL:     3   Next: 79%
Magic:  3/3        EV:  9    Int:  8    God:
Gold:   50         SH:  4    Dex: 11    Spells: 2/2 levels left

rFire   . . .      SeeInvis .   a - +0 flail
rCold   . . .      Faith    .   c - +0 buckler
rNeg    + . .      Spirit   .   b - +0 scale mail
rPois   ∞          Reflect  .   f - +0 helmet
rElec   +          Harm     .   (no cloak)
rCorr   .          Rampage  .   (no gloves)
Will    .....                   (no boots)
Stlth   ..........              j - amulet of the acrobat
HPRegen 0.08/turn               (no ring)
MPRegen 0.08/turn               (no ring)

@: no status effects
A: sickness immunity, AC +3, negative energy resistance 1, electricity
resistance, torment resistance 1, petrification resistance
a: no special abilities


You were on level 2 of the Dungeon.
You visited 1 branch of the dungeon, and saw 2 of its levels.

You collected 50 gold pieces.

Inventory:

Hand Weapons
 a - a +0 flail (weapon)
Missiles
 e - 22 stones (quivered)
 k - 21 arrows
Armour
 b - a +0 scale mail (worn)
 c - a +0 buckler (worn)
 f - a +0 helmet (worn)
Jewellery
 j - an amulet of the acrobat (around neck)
Scrolls
 g - 2 scrolls of noise {unknown}
 l - a scroll of fog {unknown}
 m - a scroll of identify {unknown}
Potions
 d - a potion of might
 h - 2 potions of heal wounds {unknown}
 i - a potion of magic {unknown}


   Skills:
 + Level 3.8 Fighting
 + Level 3.0 Maces & Flails
 + Level 3.5 Armour
 + Level 0.4 Dodging
 + Level 3.5 Shields


You had 2 spell levels left.
You didn't know any spells.
Your spell library was empty.

Dungeon Overview and Level Annotations

Branches:
Dungeon (2/15)

Altars:


Innate Abilities, Weirdness & Mutations

You are immune to sickness and miasma.
Your stone body is resilient. (AC +3)
You are immune to poison.
You resist negative energy. (rN+)
You are resistant to electric shocks. (rElec)
You are resistant to unholy torment.
You are immune to petrification.


Message History

The adder is severely wounded.
You block the bat's attack. The adder bites you but does no damage.
You completely miss the adder.
The adder is severely wounded.
The bat barely misses you. The adder barely misses you.
The adder bites you but does no damage.
You miss the adder.
The adder is severely wounded.
The bat barely misses you. The adder bites you. The adder barely misses you.
You sock the adder!
You kill the adder!
The bat hits you but does no damage. The bat misses you.
Things that are here:
a +1 whip of venom; a sedimented cyan potion; an adder corpse You closely miss the bat.
The bat barely misses you. The bat closely misses you.
The bat completely misses you.
You barely miss the bat. The bat completely misses you.
The bat closely misses you.
Things that are here:
a +1 whip of venom; a sedimented cyan potion; an adder corpse You sock the bat!
You kill the bat!
Your Maces & Flails skill increases to level 3!
Found 10 arrows.
Found a golden potion.
A gnoll comes into view.
It is wielding a +0 halberd. 2 gnolls come into view.
The gnoll shouts! x2
The gnoll hits you with a +0 halberd!
Ouch! That really hurt!
You see here 10 arrows.
You hit the gnoll.
The gnoll is moderately wounded.
You block the gnoll's attack. The gnoll hits you but does no damage.
The gnoll hits you with a +0 halberd.
* * * LOW HITPOINT WARNING * * *
The gnoll hits you from afar with a +0 spear.
You die...

..# #.### ######
##...##
##.....##...!.##
#..............## ##
................# .###
.....gg.........# #...
......g@........##..#
................#..#
................#.# #
..................#
#.................#
##.....##.....#.#.##
###### ##......#..#
#####....##.#
#######.....##..#.#####


You could see 3 gnolls.

Vanquished Creatures
  An adder (D:2)
  A worm (D:2)
  A dart slug (D:2)
  3 ball pythons
  5 endoplasms
  2 giant cockroaches (D:1)
  A hobgoblin (D:1)
  2 jackals (D:1)
  3 quokkas (D:1)
  2 bats
  2 frilled lizards (D:1)
  4 goblins
  3 kobolds
  5 rats (D:1)
35 creatures vanquished.

Notes
Turn   | Place    | Note
-------+----------+-------------------------------------------
     0 | D:1      | Kangaroobicon the Gargoyle Fighter began the quest for the
                  | Orb.
     0 | D:1      | Reached XP level 1. HP: 14/14 MP: 1/1
   350 | D:1      | Reached XP level 2. HP: 19/19 MP: 2/2
   432 | D:1      | Found a faded altar of an unknown god.
   788 | D:1      | Reached XP level 3. HP: 23/23 MP: 3/3
  1090 | D:2      | Slain by a gnoll

Illustrated notes

Levels and vault maps discovered:
D:1:      nzn_arrival_settlement, layout_loops_cross,
          chequers_ecumenical_altar_twisty
D:2:      layout_rooms, hangedman_decor_clover_reticule, grunt_ministairs_2

Skill      XL: |  1  2  3 |
---------------+----------+-----
Maces & Flails | 3 |  3.0
Fighting       | |  3.8
Armour         | |  3.5
Dodging        | |  0.4
Shields        | |  3.5

Action                   || total
-------------------------++-------
Melee: Flail             ||   131
Armor: Scale mail        ||    90
Dodge: Dodged            ||    72
Block: Buckler           ||    29
